 Dungeon Crawl Stone Soup version 0.31-a0-690-g7ce4588941 (webtiles) character file.

Game seed: 10635207986527454703

284 Essalna the Conjurer (level 6, 41/41 HPs)
             Began as a Demonspawn Conjurer on Sept 6, 2023.
             Got out of the dungeon alive.
             The game lasted 00:04:57 (3126 turns).

Essalna the Conjurer (Demonspawn Conjurer)          Turns: 3126, Time: 00:04:57

Health: 41/41      AC:  4    Str:  7    XL:     6   Next: 7%
Magic:  12/12      EV: 12    Int: 22    God:
Gold:   172        SH:  0    Dex: 11    Spells: 10/13 levels left

rFire   . . .        s - +3 whip
rCold   . . .        (no shield)
rNeg    . . .        a - +0 robe
rPois   .            (no helmet)
rElec   .            (no cloak)
rCorr   .            (no gloves)
SInv    .            (no boots)
Will    .....        (no amulet)
Stlth   ++           (no ring)
HPRegen 0.26/turn    (no ring)
MPRegen 0.13/turn

%: no passive effects
@: no status effects
A: sharp scales 2
a: no special abilities


You escaped.
You visited 1 branch of the dungeon, and saw 3 of its levels.

You collected 172 gold pieces.

Inventory:

Hand Weapons
 e - a +0 club
 s - a +3 whip (weapon)
Armour
 a - a +0 robe (worn)
Scrolls
 c - 2 scrolls of noise {unknown}
 f - a scroll of poison {unknown}
 g - a scroll of enchant armour {unknown}
 k - 3 scrolls of teleportation {unknown}
 l - 2 scrolls of fog {unknown}
 m - 3 scrolls of identify {unknown}
 n - a scroll of blinking {unknown}
 o - 3 scrolls of enchant weapon {unknown}
 p - 3 scrolls of fear {unknown}
Potions
 b - a potion of magic
 d - 2 potions of heal wounds {unknown}
 h - a potion of curing {unknown}
 i - 2 potions of degeneration {unknown}
 j - 2 potions of invisibility {unknown}
 q - a potion of attraction {unknown}
 r - a potion of enlightenment {unknown}
 u - a potion of brilliance {unknown}


   Skills:
 - Level 1.7 Dodging
 - Level 1.7 Stealth
 + Level 4.4 Spellcasting
 + Level 5.9 Conjurations


You had 10 spell levels left.
You knew the following spells:

 Your Spells              Type           Power      Damage    Failure   Level
a - Magic Dart            Conj           100%       1d8       1%          1
b - Searing Ray           Conj           60%        2d6       1%          2

Your spell library contained the following spells:

 Spells                   Type           Power      Damage    Failure   Level
 Dazzling Flash           Conj/Hex       34%        N/A       10%         3
 Fulminant Prism          Conj/Hex       8%         3d7       32%         4
 Iskenderun's Mystic Bla  Conj/Tloc      17%        2d5       32%         4


Dungeon Overview and Level Annotations

Branches:
Dungeon (3/15)

Altars:
Gozag

Annotations:
D:3 3 runed translucent doors, niknal's ghost, weakling TrWr


Innate Abilities, Weirdness & Mutations

You are mostly covered in razor-sharp scales. (AC +2, Slay +2)


Message History

A dart slug comes into view.
A dart slug is nearby!
You throw a poisoned dart. The poisoned dart hits the dart slug.
The dart slug is poisoned.
You throw a poisoned dart. The poisoned dart hits the dart slug.
The dart slug looks even sicker.
The dart slug is lightly wounded.
The dart slug launches a dart at you. The slug dart hits you.
Nothing quivered!
Nothing quivered!
Nothing quivered!
Nothing quivered!
The dart slug launches a dart at you. The slug dart misses you.
You kill the dart slug!
No target in view!
No target in view!
No target in view!
No target in view!
No target in view!
No target in view!
No target in view!
No target in view!
No target in view!
No target in view!
No target in view!
No target in view!
No target in view!
No target in view!
No target in view!
No target in view!
There is a stone staircase leading up here.
You climb upwards.
There is a stone staircase leading down here.
There is an open door here.
There is an escape hatch in the ceiling here.
A mysterious force pulls you upwards. The hatch slams shut behind you.
There is a staircase leading out of the dungeon here.
You have escaped!

.#...##§§§# #§§§§##.##
.###.##§§§## ##..§§##..###
.....##§...## ##...§§##.....
.######.....### ###....§§##.....
...# ##......####......§##......
...## #.................##......
....#####...............##.......
.....##.##.............####......
.).#..#..###....@....### ##.....
...##.....######8############....
...###......###### #............
...####..........####.#######....
..........######...##...# #....
...######## ###......# #.... .###
####...# ####+ .# #...# #.. ##
#...# #..


There were no monsters in sight!

Vanquished Creatures
  Sigmund (D:3)
  2 gnolls
  4 adders
  A worm (D:3)
  4 dart slugs
  2 orcs (D:3)
  5 bats
  5 endoplasms
  A giant cockroach (D:2)
  7 goblins
  6 hobgoblins
  4 jackals
  A quokka (D:3)
  A ball python (D:2)
  5 frilled lizards
  6 kobolds
  4 rats
59 creatures vanquished.

Notes
Turn   | Place    | Note
-------+----------+-------------------------------------------
     0 | D:1      | Essalna the Demonspawn Conjurer began the quest for the
                  | Orb.
     0 | D:1      | Reached XP level 1. HP: 13/13 MP: 3/3
   427 | D:1      | Gained mutation: You are partially covered in razor-sharp
                  | scales. (AC +1, Slay +1) [demonic ancestry]
   427 | D:1      | Reached XP level 2. HP: 19/19 MP: 1/5
   954 | D:2      | Reached XP level 3. HP: 24/24 MP: 0/7
  1191 | D:2      | Found a faded altar of an unknown god.
  2132 | D:3      | Reached XP level 4. HP: 28/30 MP: 1/8
  2283 | D:3      | Learned a level 2 spell: Searing Ray
  2416 | D:3      | Reached skill level 5 in Conjurations
  2444 | D:3      | Found a runed translucent gate.
  2444 | D:3      | Found a runed translucent gate.
  2463 | D:3      | Found a runed translucent gate.
  2474 | D:3      | Noticed Sigmund
  2486 | D:3      | Found an opulent altar of Gozag.
  2487 | D:3      | Noticed niknal's ghost (weakling TrWr)
  2914 | D:3      | Killed Sigmund
  2915 | D:3      | Reached XP level 5. HP: 20/35 MP: 2/11
  2915 | D:3      | Gained mutation: You are mostly covered in razor-sharp
                  | scales. (AC +2, Slay +2) [demonic ancestry]
  2915 | D:3      | Reached XP level 6. HP: 23/41 MP: 2/12
  3126 | D:$      | Got out of the dungeon alive.

Illustrated notes

Levels and vault maps discovered:
D:1:      heliophobic_arrival_dark_side_of_the_moon, layout_rooms,
          kennysheep_small_spiral, chequers_mini_garden
D:2:      layout_loops_corners, basic_altar, ebering_ecumenical_altar_webs,
          roderic_three_in_a_row
D:3:      layout_basic, ebering_ghost_gozag, grunt_decor_cap, minmay_mini_jars,
          uniq_sigmund

Skill      XL: |  1  2  3  4 |
---------------+-------------+-----
Spellcasting   | 3 4 |  4.4
Conjurations   | 5 |  5.9
Dodging        | |  1.7
Stealth        | |  1.7

Action                     |  1- 3 |  4- 6 || total
---------------------------+-------+-------++-------
  Melee: Club              |     9 |     3 ||    12
         Whip              |       |     4 ||     4
  Throw: Dart              |       |     4 ||     4
   Cast: Magic Dart        |    73 |    29 ||   102
         Searing Ray       |       |     5 ||     5
 Armour: Robe              |    12 |    11 ||    23
  Dodge: Dodged            |    18 |    16 ||    34

Table legend: (Time is in decaauts)
 A = Elapsed time spent in this place.
 B = Non-inter-level travel time spent in this place.
 C = Inter-level travel time spent in this place.
 D = Time resting spent in this place.
 E = Time spent auto-exploring this place.
 F = Levels seen in this place.
 G = Mean time per level.
                   A        B        C        D        E       F      G
               +--------+--------+--------+--------+--------+-----+--------+
         Total |   3128 |   3008 |    120 |      0 |   2701 |   3 | 1042.7 |
       Dungeon |   3128 |   3008 |    120 |      0 |   2701 |   3 | 1042.7 |
               +--------+--------+--------+--------+--------+-----+--------+

Top non-repeatable levels by time:
     D:2: 1277 daAuts
     D:3: 963 daAuts
     D:1: 888 daAuts
